 Dungeon Crawl Stone Soup version 0.26-a0-808-g930a2b7adc (webtiles) character file.

Game seed: 15076946637290644668

761 ANON1729 the Fighter (level 7, -6/60 HPs)
             Began as a Gnoll Wanderer on Nov 12, 2020.
             Mangled by a bullfrog zombie (7 damage)
             ... on level 5 of the Dungeon.
             The game lasted 00:04:54 (6484 turns).

ANON1729 the Fighter (Gnoll Wanderer)               Turns: 6484, Time: 00:04:55

Health: -6/60      AC:  2    Str: 13    XL:     7   Next: 80%
Magic:  11/11      EV: 13    Int: 13    God:
Gold:   305        SH:  6    Dex: 19    Spells: 11/11 levels left

rFire    + . .     SeeInvis .   u - +4 dagger
rCold    . . .     Faith    +   d - +0 buckler
rNeg     . . .     Spirit   .   e - +0 robe
rPois    +         Reflect  .   (no helmet)
rElec    .         Harm     .   (no cloak)
rCorr    .         Rampage  .   (no gloves)
MR       .....     Rnd*Rage +   (no boots)
Stlth    +++.......             f - amulet of faith
HPRegen  0.20/turn              v - ring of protection from fire
MPRegen  0.12/turn              (no ring)

@: brilliant
A: distributed training, fangs 1, berserk 1, frail 1, poison resistance,
screaming 1, strong nose
a: no special abilities


You were on level 5 of the Dungeon.
You visited 1 branch of the dungeon, and saw 5 of its levels.

You collected 305 gold pieces.

Inventory:

Hand Weapons
 m - a +0 dagger of venom
 u - a +4 dagger (weapon)
Armour
 d - a +0 buckler (worn)
 e - a +0 robe (worn)
Jewellery
 f - an amulet of faith (around neck)
 v - a ring of protection from fire (left hand)
Scrolls
 b - 2 scrolls of blinking
 g - 2 scrolls of fog {unknown}
 i - 10 scrolls of identify {unknown}
 j - a scroll of enchant armour {unknown}
 k - 2 scrolls of amnesia {unknown}
 n - 7 scrolls of remove curse {unknown}
 q - 3 scrolls of teleportation {unknown}
 t - 2 scrolls of magic mapping {unknown}
 w - a scroll of fear {unknown}
Potions
 a - a potion of heal wounds {unknown}
 c - a potion of berserk rage {unknown}
 h - a potion of brilliance
 l - 2 potions of mutation
 o - a potion of curing {unknown}
 p - a potion of resistance {unknown}
 r - a potion of magic
 s - a potion of degeneration {unknown}


   Skills:
 + Level 10.7 Fighting
 + Level 3.8 Short Blades
 + Level 2.7 Long Blades
 + Level 2.7 Axes
 + Level 2.7 Maces & Flails
 + Level 2.7 Polearms
 + Level 2.7 Staves
 + Level 2.7 Slings
 + Level 2.7 Bows
 + Level 2.7 Crossbows
 + Level 2.7 Throwing
 + Level 2.7 Armour
 + Level 2.7 Dodging
 + Level 5.0 Stealth
 + Level 5.3 Shields
 + Level 2.7 Unarmed Combat
 + Level 2.7 Spellcasting
 + Level 2.2 Conjurations
 + Level 2.2 Hexes
 + Level 2.2 Summonings
 + Level 2.2 Necromancy
 + Level 2.2 Translocations
 + Level 2.2 Transmutations
 + Level 2.2 Fire Magic
 + Level 2.2 Ice Magic
 + Level 2.2 Air Magic
 + Level 2.2 Earth Magic
 + Level 2.2 Poison Magic
 + Level 3.0 Invocations
 + Level 2.7 Evocations


You had 11 spell levels left.
You didn't know any spells.
Your spell library was empty.

Dungeon Overview and Level Annotations

Branches:
Dungeon (5/15)
 Temple: D:4-7

Altars:
Gozag
Makhleb
Uskayaw


Innate Abilities, Weirdness & Mutations

Your experience applies equally to all skills.
You have very sharp teeth.
Your uncanny sense of smell can sniff out nearby items.
You tend to lose your temper in combat.
You are frail. (-10% HP)
Your system is resistant to poisons. (rPois)
You occasionally shout uncontrollably at your foes.


Message History

The bullfrog zombie hits you.
* * * LOW HITPOINT WARNING * * *
You barely miss the bullfrog zombie.
The bullfrog zombie is heavily damaged.
The bullfrog zombie closely misses you.
You closely miss the bullfrog zombie.
The bullfrog zombie is heavily damaged.
The bullfrog zombie hits you.
* * * LOW HITPOINT WARNING * * *
It was a potion of mutation.
You feel extremely strange.
You feel frail.
You feel a little pissed off.
You feel the urge to shout.
You feel resistant to poisons. The bullfrog zombie hits you.
* * * LOW HITPOINT WARNING * * *
It was a potion of brilliance.
You feel clever all of a sudden.
The bullfrog zombie closely misses you. x2
It was a potion of magic.
Magic courses through your body. The bullfrog zombie hits you!
You die...

#######... ##.#..#
......#... #.##.#
......... .. ...
#.##.# ......... #.
... #.##.# ........#
.# .. #.....
........# ..#.##
##.... ........###
....# #....
.........[#####.#.#
#....
......o.#)ZZ@.#...#
#....
......#.#####.....##
#.... ........#
####...# #....
......... #...#
#.#.# .........
#...# #.#.#
.........
#...######.#.#
.####.
#.......##.#.# ∆
#.......##.#.# ...
#.......##.#.#


You could see a bullfrog zombie and a giant cockroach zombie.

Vanquished Creatures
  3 ogres
  A bullfrog zombie (D:3)
  A hound (D:4)
  An orc priest (D:3)
  5 orc wizards
  2 worker ants (D:4)
  Robin (D:4)
  11 adders
  An ufetubus (D:2)
  2 oozes (D:2)
  An adder skeleton (D:4)
  2 worms
  3 dart slugs
  7 leopard geckos
  8 orcs
  A ball python (D:3)
  A giant cockroach (D:3)
  10 goblins
  14 hobgoblins
  4 jackals (D:3)
  9 kobolds
  2 quokkas
  5 bats
  6 frilled lizards
  5 rats
106 creatures vanquished.

Notes
Turn   | Place    | Note
-------+----------+-------------------------------------------
     0 | D:1      | Reached skill level 10 in Fighting
     0 | D:1      | ANON1729 the Gnoll Wanderer began the quest for the Orb.
     0 | D:1      | ANON1729 set off with the following items: a +2 dagger, a
                  | scroll of blinking, a +0 short sword, a +0 buckler, a +0
                  | robe
     0 | D:1      | Reached XP level 1. HP: 28/28 MP: 1/1
   251 | D:1      | Reached XP level 2. HP: 31/36 MP: 2/2
  1081 | D:2      | Reached XP level 3. HP: 42/42 MP: 3/3
  1260 | D:2      | Found an opulent altar of Gozag.
  1317 | D:2      | Reached skill level 1 in Invocations
  1426 | D:2      | Reached skill level 1 in Long Blades
  1426 | D:2      | Reached skill level 1 in Axes
  1426 | D:2      | Reached skill level 1 in Maces & Flails
  1426 | D:2      | Reached skill level 1 in Polearms
  1426 | D:2      | Reached skill level 1 in Staves
  1426 | D:2      | Reached skill level 1 in Slings
  1426 | D:2      | Reached skill level 1 in Bows
  1426 | D:2      | Reached skill level 1 in Crossbows
  1426 | D:2      | Reached skill level 1 in Throwing
  1426 | D:2      | Reached skill level 1 in Armour
  1426 | D:2      | Reached skill level 1 in Dodging
  1426 | D:2      | Reached skill level 1 in Unarmed Combat
  1426 | D:2      | Reached skill level 1 in Spellcasting
  1426 | D:2      | Reached skill level 1 in Evocations
  1510 | D:2      | Reached XP level 4. HP: 47/48 MP: 5/5
  1800 | D:2      | Reached skill level 1 in Conjurations
  1800 | D:2      | Reached skill level 1 in Hexes
  1800 | D:2      | Reached skill level 1 in Summonings
  1800 | D:2      | Reached skill level 1 in Necromancy
  1800 | D:2      | Reached skill level 1 in Translocations
  1800 | D:2      | Reached skill level 1 in Transmutations
  1800 | D:2      | Reached skill level 1 in Fire Magic
  1800 | D:2      | Reached skill level 1 in Ice Magic
  1800 | D:2      | Reached skill level 1 in Air Magic
  1800 | D:2      | Reached skill level 1 in Earth Magic
  1800 | D:2      | Reached skill level 1 in Poison Magic
  2286 | D:3      | Reached XP level 5. HP: 41/54 MP: 5/7
  3179 | D:3      | Reached XP level 6. HP: 49/61 MP: 8/8
  3875 | D:4      | Reached skill level 5 in Shields
  4286 | D:4      | Found a hide-covered altar of Uskayaw.
  4288 | D:4      | Found a burning altar of Makhleb.
  4302 | D:4      | Noticed Robin
  5179 | D:3      | Reached XP level 7. HP: 42/67 MP: 10/10
  5658 | D:4      | Killed Robin
  6022 | D:4      | Reached skill level 5 in Stealth
  6306 | D:5      | Entered Level 5 of the Dungeon
  6482 | D:5      | Gained mutation: You are frail. (-10% HP) [potion of
                  | mutation]
  6482 | D:5      | Gained mutation: You tend to lose your temper in combat.
                  | [potion of mutation]
  6482 | D:5      | Gained mutation: You occasionally shout uncontrollably at
                  | your foes. [potion of mutation]
  6482 | D:5      | Gained mutation: Your system is resistant to poisons.
                  | (rPois) [potion of mutation]
  6482 | D:5      | HP: 1/60 [bullfrog zombie (4)]
  6484 | D:5      | Mangled by a bullfrog zombie

Illustrated notes

Levels and vault maps discovered:
D:1:      denvon_arrival_waterhouse, layout_loops_ring, glass_columns_c
D:2:      layout_basic, nicolae_gozag_seed_capital, serial_corexii_hall,
          chequers_hall_statues_y, corexii_hall_statues_i,
          chequers_hall_statues_corner_a, corexii_hall_statues_x
D:3:      layout_basic, minmay_pentangle
D:4:      layout_basic, nicolae_overflow_hidden_temple, chequers_avenue,
          uniq_robin
D:5:      layout_rooms, serial_glass, glass_columns_a, glass_columns_c,
          serial_shops, shop

Skill      XL: |  1  2  3  4  5  6  7 |
---------------+----------------------+-----
Fighting       | | 10.7
Invocations    | 1 2 3 |  3.0
Long Blades    | 1 2 |  2.7
Axes           | 1 2 |  2.7
Maces & Flails | 1 2 |  2.7
Polearms       | 1 2 |  2.7
Staves         | 1 2 |  2.7
Slings         | 1 2 |  2.7
Bows           | 1 2 |  2.7
Crossbows      | 1 2 |  2.7
Throwing       | 1 2 |  2.7
Armour         | 1 2 |  2.7
Dodging        | 1 2 |  2.7
Unarmed Combat | 1 2 |  2.7
Spellcasting   | 1 2 |  2.7
Evocations     | 1 2 |  2.7
Conjurations   | 1 2 |  2.2
Hexes          | 1 2 |  2.2
Summonings     | 1 2 |  2.2
Necromancy     | 1 2 |  2.2
Translocations | 1 2 |  2.2
Transmutations | 1 2 |  2.2
Fire Magic     | 1 2 |  2.2
Ice Magic      | 1 2 |  2.2
Air Magic      | 1 2 |  2.2
Earth Magic    | 1 2 |  2.2
Poison Magic   | 1 2 |  2.2
Short Blades   | 3 |  3.8
Shields        | 5 |  5.3
Stealth        | 5 |  5.0

Action                   |  1- 3 |  4- 6 |  7- 9 || total
-------------------------+-------+-------+-------++-------
Melee: Dagger            |    64 |   241 |    96 ||   401
       Bite              |     6 |    35 |    15 ||    56
  Use: Potion            |       |       |     3 ||     3
 Stab: Sleeping          |     9 |    10 |       ||    19
Armor: Robe              |    11 |    26 |     3 ||    40
Dodge: Dodged            |    20 |   128 |    40 ||   188
Block: Buckler           |    15 |    81 |    19 ||   115

Table legend: (Time is in decaauts)
 A = Elapsed time spent in this place.
 B = Non-inter-level travel time spent in this place.
 C = Inter-level travel time spent in this place.
 D = Time resting spent in this place.
 E = Time spent auto-exploring this place.
 F = Levels seen in this place.
 G = Mean time per level.
                   A        B        C        D        E       F      G
               +--------+--------+--------+--------+--------+-----+--------+
         Total |   6440 |   6274 |    166 |   1657 |   3783 |   5 | 1288.0 |
       Dungeon |   6440 |   6274 |    166 |   1657 |   3783 |   5 | 1288.0 |
               +--------+--------+--------+--------+--------+-----+--------+

Top non-repeatable levels by time:
     D:3: 2812 daAuts
     D:4: 1447 daAuts
     D:2: 1268 daAuts
     D:1: 743 daAuts
     D:5: 168 daAuts
